 Dungeon Crawl Stone Soup version 0.27-a0-797-g27d10ad80f (webtiles) character file.

Game seed: 12944430825933389956

92 night the Magician (level 4, -2/35 HPs)
             Began as a Djinni Venom Mage on Mar 27, 2021.
             Slain by a hobgoblin (6 damage)
             ... on level 4 of the Dungeon.
             The game lasted 00:06:36 (3859 turns).

night the Magician (Djinni Venom Mage)              Turns: 3859, Time: 00:06:37

Health: -2/35      AC:  3    Str:  8    XL:     4   Next: 60%
Gold:   111        EV: 11    Int: 17    God:
                   SH:  0    Dex: 13

rFire    + + .     SeeInvis .   f - +0 dagger
rCold    x . .     Faith    .   (no shield)
rNeg     . . .     Spirit   .   k - +0 leather armour
rPois    ∞         Reflect  .   (no helmet)
rElec    .         Harm     .   (no cloak)
rCorr    .         Rampage  .   (no gloves)
Will     .....                  (boots unavailable)
Stlth    ++........             (no amulet)
HPRegen  0.11/turn              (no ring)
MPRegen  0.00/turn              (no ring)

@: flying
A: fire resistance 2, cold vulnerability 1, float, innate caster, hp casting,
extra vitality 1
a: no special abilities


You were on level 4 of the Dungeon.
You visited 1 branch of the dungeon, and saw 4 of its levels.

You collected 111 gold pieces.

Inventory:

Hand Weapons
 f - a +0 dagger (weapon)
Armour
 a - a +0 robe
 k - a +0 leather armour (worn)
Potions
 b - a potion of might
 c - a potion of invisibility {unknown}
 e - a potion of haste {unknown}
 g - a potion of mutation {unknown}
 h - a potion of brilliance {unknown}
 i - a potion of degeneration {unknown}
 j - a potion of curing {unknown}
 l - a potion of attraction {unknown}


   Skills:
 * Level 3.2 Fighting
 - Level 2.1 Dodging
 - Level 1.5 Stealth
 + Level 3.3 Spellcasting


You couldn't memorise any spells.
You knew the following spells:

 Your Spells              Type           Power      Damage    Failure   Level
a - Sting                 Tmut/Pois      56%        1d5       6%          1
b - Poisonous Vapours     Pois/Air       28%        N/A       10%         2
c - Mephitic Cloud        Conj/Pois/Air  14%        N/A       19%         3
d - Ignite Poison         Fire/Tmut/Pois 14%        N/A       19%         3
e - Olgreb's Toxic Radia  Pois           14%        N/A       52%         4
f - Freeze                Ice            56%        1d7       6%          1
Your spell library was empty.

Dungeon Overview and Level Annotations

Branches:
Dungeon (4/15)
 Temple: D:4-7

Altars:
Yredelemnul
The Shining One


Innate Abilities, Weirdness & Mutations

You are immune to poison.
Your flesh is very heat resistant. (rF++)
You are vulnerable to cold. (rC-)
You float through the air rather than walking.
You learn spells naturally, not from books.
Your magical power is your life essence.
You have superior vitality. (+4 HP)


Message History

Press: ? - help, Shift-Dir - straight line, f/p - iguana
Aim: an iguana (heavily wounded, poisoned, 25% to evade)
The sting hits the iguana but does no damage.
The iguana looks even sicker.
The iguana is heavily wounded.
The iguana bites you!
A hobgoblin comes into view.
A water moccasin skeleton comes into view.
Casting: Sting (safe; 6% risk of failure)
Confirm with . or Enter, or press ? or * to list all spells.
Aiming: Sting (safe; 6% risk of failure)
Press: ? - help, Shift-Dir - straight line, f/p - iguana
Aim: an iguana (severely wounded, poisoned, 25% to evade)
The sting misses the iguana.
The iguana bites you.
* * * LOW HITPOINT WARNING * * *
Casting: Sting (safe; 6% risk of failure)
Confirm with . or Enter, or press ? or * to list all spells.
Aiming: Sting (safe; 6% risk of failure)
Press: ? - help, Shift-Dir - straight line, f/p - iguana
Aim: an iguana (almost dead, poisoned, 25% to evade)
The sting hits the iguana but does no damage.
The iguana looks even sicker.
The iguana is almost dead.
* * * LOW HITPOINT WARNING * * *
The iguana closely misses you.
Casting: Sting (safe; 6% risk of failure)
Confirm with . or Enter, or press ? or * to list all spells.
Aiming: Sting (safe; 6% risk of failure)
Press: ? - help, Shift-Dir - straight line, f/p - iguana
Aim: an iguana (almost dead, very poisoned, 25% to evade)
The sting hits the iguana but does no damage.
The iguana looks even sicker.
The iguana is almost dead.
* * * LOW HITPOINT WARNING * * *
The iguana barely misses you.
A hound comes into view.
The hound barks!
You hear a shout!
You kill the iguana!
The hobgoblin hits you.
You die...

.. #...# ... #...#
...###...# ....
........# ....
#+#......# ..h .....
#....$...# ....
....#+#........#...# .
..........[.@.....#
...##.......†.g.....#
......................
#.........#+##........
#........<# ##.......
......##### ..Z###.
...... ..... .....
...... ..... .....


You could see a hound, a hobgoblin and a water moccasin skeleton (wandering).

Vanquished Creatures
  An iguana (D:4)
  2 adders
  A worm (D:3)
  3 dart slugs
  4 ball pythons
  10 endoplasms
  2 giant cockroaches
  4 goblins
  6 hobgoblins
  7 jackals
  5 kobolds
  3 bats
  3 frilled lizards
  2 gnoll zombies (D:2)
  7 rats
60 creatures vanquished.

Notes
Turn   | Place    | Note
-------+----------+-------------------------------------------
     0 | D:1      | night the Djinni Venom Mage began the quest for the Orb.
     0 | D:1      | Reached XP level 1. HP: 15/15 MP: 0/0
    44 | D:1      | Reached skill level 1 in Fighting
   213 | D:1      | Reached XP level 2. HP: 22/22 MP: 0/0
   742 | D:1      | Reached skill level 2 in Fighting
   742 | D:1      | Reached XP level 3. HP: 25/28 MP: 0/0
   742 | D:1      | Learned a level 1 spell: Freeze
  1855 | D:2      | Found a glowing golden altar of the Shining One.
  1970 | D:2      | Reached XP level 4. HP: 31/34 MP: 0/0
  2436 | D:2      | Found a basalt altar of Yredelemnul.
  3859 | D:4      | Slain by a hobgoblin

Illustrated notes

Levels and vault maps discovered:
D:1:      arrival_zaba_pyramid, layout_basic, serial_rivers,
          chequers_serial_rivers_micro_a, chequers_serial_rivers_large_a,
          chequers_serial_rivers_micro_b, chequers_serial_rivers_micro_a,
          chequers_serial_rivers_marsh, chequers_serial_rivers_micro_b
D:2:      layout_rooms, tso_oasis_becter, lemuel_zombie_altar_yredelemnul
D:3:      layout_loops_ring, chequers_serial_rivers_small_b
D:4:      layout_basic, kennysheep_okawaru_gauntlet, bloody_trog

Skill      XL: |  1  2  3  4 |
---------------+-------------+-----
Fighting       | 1 2 3 |  3.2
Spellcasting   | 3 |  3.3
Dodging        | |  2.1
Stealth        | |  1.5

Action                   |  1- 3 |  4- 6 || total
-------------------------+-------+-------++-------
Melee: Dagger            |    13 |    29 ||    42
 Cast: Sting             |    67 |    49 ||   116
       Freeze            |       |     1 ||     1
  Use: Scroll            |       |     3 ||     3
 Stab: Sleeping          |     1 |       ||     1
Armor: Robe              |     1 |     4 ||     5
       Leather armour    |       |     2 ||     2
Dodge: Dodged            |    12 |    22 ||    34

Table legend: (Time is in decaauts)
 A = Elapsed time spent in this place.
 B = Non-inter-level travel time spent in this place.
 C = Inter-level travel time spent in this place.
 D = Time resting spent in this place.
 E = Time spent auto-exploring this place.
 F = Levels seen in this place.
 G = Mean time per level.
                   A        B        C        D        E       F      G
               +--------+--------+--------+--------+--------+-----+--------+
         Total |   3857 |   3801 |     56 |    521 |   2830 |   4 |  964.2 |
       Dungeon |   3857 |   3801 |     56 |    521 |   2830 |   4 |  964.2 |
               +--------+--------+--------+--------+--------+-----+--------+

Top non-repeatable levels by time:
     D:2: 1425 daAuts
     D:3: 1273 daAuts
     D:1: 1141 daAuts
     D:4: 16 daAuts
